 Dungeon Crawl Stone Soup version 0.31-a0-986-g5e6e4ef867 (webtiles) character file.

Game seed: 13748332070960882670

136 Lobster4 the Digger (level 5, -3/30 HPs)
             Began as a Gargoyle Earth Elementalist on Nov 11, 2023.
             Slain by an iguana (10 damage)
             ... on level 4 of the Dungeon.
             The game lasted 00:06:50 (2688 turns).

Lobster4 the Digger (Gargoyle Earth Elementalist)   Turns: 2688, Time: 00:06:51

Health: -3/30      AC:  9    Str: 12    XL:     5   Next: 19%
Magic:  1/8        EV: 12    Int: 17    God:
Gold:   91         SH:  0    Dex: 10    Spells: 2/8 levels left

rFire   . . .        r - +0 rapier
rCold   . . .        (no shield)
rNeg    + . .        a - +0 robe
rPois   ∞            (no helmet)
rElec   +            (no cloak)
rCorr   .            o - +2 pair of gloves {hurl}
SInv    .            (no boots)
Will    .....        (no amulet)
Stlth   ++           (no ring)
HPRegen 0.25/turn    (no ring)
MPRegen 0.11/turn

%: no passive effects
@: no status effects
A: sickness immunity, AC +4, negative energy resistance 1, electricity
resistance, torment resistance 1, petrification resistance
a: no special abilities


You were on level 4 of the Dungeon.
You visited 1 branch of the dungeon, and saw 4 of its levels.

You collected 91 gold pieces.

Inventory:

Hand Weapons
 i - a +0 spear
 r - a +0 rapier (weapon)
Missiles
 h - 8 stones
Armour
 a - a +0 robe (worn)
 o - a +2 pair of gloves of hurling (worn)
Wands
 t - a wand of acid (2)
 u - a wand of flame (11)
Scrolls
 e - a scroll of fog {unknown}
 g - 2 scrolls of noise {unknown}
 j - 4 scrolls of identify {unknown}
 k - a scroll of amnesia {unknown}
 q - 3 scrolls of teleportation {unknown}
 s - a scroll of blinking {unknown}
Potions
 b - a potion of magic
 c - a potion of mutation {unknown}
 d - a potion of haste {unknown}
 f - a potion of might {unknown}
 l - a potion of curing {unknown}
 m - a potion of invisibility {unknown}
 n - 3 potions of heal wounds {unknown}
 p - a potion of enlightenment {unknown}


   Skills:
 + Level 1.7 Fighting
 + Level 1.6 Armour
 + Level 2.0 Dodging
 + Level 2.8 Stealth
 + Level 2.4 Spellcasting
 + Level 1.1 Conjurations
 - Level 1.0 Transmutations
 * Level 4.7 Earth Magic
 + Level 0.1 Evocations


You had 2 spell levels left.
You knew the following spells:

 Your Spells              Type           Power      Damage    Failure   Level
a - Sandblast             Erth           36%        2d10      2%          1
b - Passwall              Tmut/Erth      9%         N/A       9%          2
c - Stone Arrow           Conj/Erth      24%        3d8       16%         3

Your spell library contained the following spells:

 Spells                   Type           Power      Damage    Failure   Level
 Momentum Strike          Conj/Tloc      8%         3d8       22%         2
 Blink                    Tloc           4%         N/A       28%         2
 Ensorcelled Hibernation  Hex/Ice        4%         N/A       28%         2
 Jinxbite                 Hex            4%         N/A       28%         2
 Lesser Beckoning         Tloc           4%         N/A       28%         2
 Brom's Barrelling Bould  Conj/Erth      12%        2d4       47%         4
 Petrify                  Tmut/Erth      11%        N/A       50%         4
 Anguish                  Hex/Necr       1%         N/A       88%         4


Dungeon Overview and Level Annotations

Branches:
Dungeon (4/15)
 Temple: D:4-7

Altars:

Annotations:
D:3 exclusion: ice beast
D:4 exclusion: wight


Innate Abilities, Weirdness & Mutations

You are immune to sickness and miasma.
Your stone body is resilient. (AC +4)
You are immune to poison.
You resist negative energy. (rN+)
You are resistant to electric shocks. (rElec)
You are resistant to unholy torment.
You are immune to petrification.


Message History

The iguana bites you.
Casting: Sandblast (safe; 2% risk of failure)
Confirm with . or Enter, or press ? or * to list all spells.
Aiming: Sandblast (safe; 2% risk of failure)
Press: ? - help, Shift-Dir - straight line, f/p - iguana
Aim: an iguana (moderately wounded, 84% to hit)
The blast of sand hits the iguana!
The iguana is almost dead.
The iguana bites you but does no damage.
The iguana barely misses you.
Casting: Sandblast (safe; 2% risk of failure)
Confirm with . or Enter, or press ? or * to list all spells.
Aiming: Sandblast (safe; 2% risk of failure)
Press: ? - help, Shift-Dir - straight line, f/p - iguana
Aim: an iguana (almost dead, 84% to hit)
The blast of sand hits the iguana but does no damage.
The iguana is almost dead.
The iguana bites you!
* * * LOW HITPOINT WARNING * * *
Casting: Sandblast (safe; 2% risk of failure)
Confirm with . or Enter, or press ? or * to list all spells.
Aiming: Sandblast (safe; 2% risk of failure)
Press: ? - help, Shift-Dir - straight line, f/p - iguana
Aim: an iguana (almost dead, 84% to hit)
The blast of sand hits the iguana but does no damage.
The iguana is almost dead.
The iguana closely misses you.
The iguana hisses menacingly.
The iguana bites you.
* * * LOW HITPOINT WARNING * * *
You closely miss the iguana.
The iguana is almost dead.
The iguana closely misses you.
You hit the iguana but do no damage.
The iguana is almost dead.
The iguana closely misses you.
You closely miss the iguana.
The iguana is almost dead.
The iguana bites you!
You die...

#.# #.# #.# #.#
#.# #.# #. #.#
#.# .. #.# #.#
.# # #.###.##..#
#.. #.†.......#
.....#####.###.#
......l@..#....#
.....#####.#####
#.. .# # .# ##


You could see an iguana.

Vanquished Creatures
  5 adders
  3 worms
  An orc (D:1)
  4 ball pythons
  3 endoplasms
  A giant cockroach (D:3)
  16 goblins
  7 hobgoblins
  2 jackals (D:1)
  2 quokkas
  7 bats
  4 frilled lizards
  5 kobolds
  23 rats
83 creatures vanquished.

Notes
Turn   | Place    | Note
-------+----------+-------------------------------------------
     0 | D:1      | Lobster4 the Gargoyle Earth Elementalist began the quest
                  | for the Orb.
     0 | D:1      | Reached XP level 1. HP: 10/10 MP: 3/3
   148 | D:1      | Reached XP level 2. HP: 15/15 MP: 0/5
   159 | D:1      | Learned a level 2 spell: Passwall
   418 | D:1      | Reached skill level 4 in Earth Magic
   662 | D:1      | Reached skill level 1 in Transmutations
   763 | D:1      | Reached XP level 3. HP: 20/20 MP: 1/6
   812 | D:1      | Learned a level 3 spell: Stone Arrow
  1051 | D:2      | Reached skill level 1 in Armour
  1499 | D:2      | Reached skill level 1 in Fighting
  1589 | D:2      | Reached XP level 4. HP: 25/25 MP: 4/7
  2144 | D:3      | Reached skill level 1 in Conjurations
  2169 | D:3      | Found a faded altar of an unknown god.
  2308 | D:3      | Reached XP level 5. HP: 29/29 MP: 6/8
  2511 | D:3      | Noticed an ice beast
  2553 | D:3      | Identified the +0 ring mail of Durable Contentment {+Blink}
  2688 | D:4      | Slain by an iguana

Illustrated notes

Levels and vault maps discovered:
D:1:      shiori_arrival_oz, layout_basic, dreamdust_princess_bridge,
          chequers_arboretum, nicolae_houndstooth_variations
D:2:      layout_basic
D:3:      kennysheep_the_goblin_king, layout_basic,
          shapermc_ecumenical_altar_totnotflames, minmay_rat_hole
D:4:      layout_loops_ring, fiery_altar_vehumet, lemuel_round_altar,
          minivault_25, nrook_uturn

Skill      XL: |  1  2  3  4  5 |
---------------+----------------+-----
Earth Magic    | 4 |  4.7
Transmutations | 1 |  1.0
Armour         | 1 |  1.6
Fighting       | 1 |  1.7
Conjurations   | 1 |  1.1
Dodging        | 2 |  2.0
Stealth        | |  2.8
Spellcasting   | |  2.4
Evocations     | |  0.1

Action                     |  1- 3 |  4- 6 || total
---------------------------+-------+-------++-------
  Melee: Spear             |     2 |       ||     2
         Rapier            |       |    58 ||    58
   Cast: Sandblast         |    59 |    42 ||   101
   Stab: Sleeping          |       |     2 ||     2
 Armour: Robe              |    27 |    33 ||    60
  Dodge: Dodged            |    36 |    33 ||    69

Table legend: (Time is in decaauts)
 A = Elapsed time spent in this place.
 B = Non-inter-level travel time spent in this place.
 C = Inter-level travel time spent in this place.
 D = Time resting spent in this place.
 E = Time spent auto-exploring this place.
 F = Levels seen in this place.
 G = Mean time per level.
                   A        B        C        D        E       F      G
               +--------+--------+--------+--------+--------+-----+--------+
         Total |   2749 |   2619 |    130 |    304 |   1720 |   4 |  687.2 |
       Dungeon |   2749 |   2619 |    130 |    304 |   1720 |   4 |  687.2 |
               +--------+--------+--------+--------+--------+-----+--------+

Top non-repeatable levels by time:
     D:1: 1256 daAuts
     D:3: 755 daAuts
     D:2: 659 daAuts
     D:4: 78 daAuts
